 Dungeon Crawl Stone Soup version 0.17-a0-1504-gb7d9117 (webtiles) character file.

366 mrath the Fighter (level 6, 0/61 HPs)
             Began as a Hill Orc Wanderer on July 7, 2015.
             Hit by a tomahawk thrown by a gnoll (2 damage)
             ... on level 4 of the Dungeon.
             The game lasted 01:09:28 (4626 turns).

mrath the Fighter (Hill Orc Wanderer)               Turns: 4626, Time: 01:09:29

Health: 0/61       AC:  6    Str: 23    XL:     6   Next: 68%
Magic:  6/6        EV: 12    Int: 10    God:
Gold:   176        SH:  0    Dex: 11    Spells: 0 memorised, 5 levels left

rFire  + + .     SeeInvis .     C - +1 dagger (venom)
rCold  . . .     Clarity  .     B - +1 robe {rC+ rF+}
rNeg   . . .     SustAt   .     (no shield)
rPois  .         Gourm    .     m - +0 helmet
rElec  .         Spirit   .     (no cloak)
rCorr  .         Warding  .     (no gloves)
rMut   .         Stasis   .     A - +1 pair of boots
MR     .....                    (no amulet)
Stlth  +.........               (no ring)
                                G - ring of fire

@: mighty, glowing, not resistant to hostile enchantments, very unstealthy
A: spit poison 1
a: Spit Poison


You were on level 4 of the Dungeon.
You were not hungry.

You visited 1 branch of the dungeon, and saw 4 of its levels.

You collected 176 gold pieces.

Inventory:

Hand weapons
 a - a +2 dagger
 b - a cursed -3 dagger
 d - a +0 spear
 h - a +0 hand axe
 r - a +0 short sword
 s - a +0 falchion
 w - a +0 morningstar
 y - a +0 hunting sling
 C - a +1 dagger of venom (weapon)
Missiles
 k - 8 bolts of penetration
 l - 194 stones (quivered)
 o - 32 poisoned needles
 p - 52 bolts
 u - 69 arrows
 F - 5 tomahawks
Armour
 e - a +0 robe
 m - a +0 helmet (worn)
 q - a +0 leather armour
 A - a +1 pair of boots (worn)
 B - a +1 robe of resistance (worn)
Jewellery
 G - a ring of fire (left hand)
Magical devices
 D - a wand of fireball (6)
Scrolls
 c - 5 scrolls of teleportation
 t - 2 scrolls of remove curse
Potions
 i - a potion of beneficial mutation
 n - a potion of mutation
 x - a potion of flight
Comestibles
 f - 3 bread rations
 g - a beef jerky
 j - 6 fruits
 z - 3 chunks of flesh
 E - 3 meat rations


   Skills:
 + Level 8.1 Fighting
 + Level 0.2(0.3) Short Blades
 + Level 0.4(0.5) Long Blades
 + Level 3.1(3.3) Slings
 + Level 1.6(2.7) Throwing
 + Level 1.7 Armour
 + Level 2.4 Dodging
 + Level 2.8 Stealth


You had 5 spell levels left.
You didn't know any spells.

Dungeon Overview and Level Annotations

Branches:
Dungeon (4/15)
 Temple: D:4-7

Altars:
Ashenzari
Gozag

Annotations:
D:3 Sigmund
D:4 Duvessa


Innate Abilities, Weirdness & Mutations

You can spit weak poison.


Message History

The gnoll hits you from afar with a spear.
* * * LOW HITPOINT WARNING * * *
The gnoll shaman mumbles some strange prayers to its god.
The gnoll shaman is healed somewhat.
The gnoll closely misses you. The gnoll shaman hits you with a club!
* * * LOW HITPOINT WARNING * * *
The gnoll hits you from afar with a spear.
* * * LOW HITPOINT WARNING * * *
The gnoll hits you from afar with a spear.
* * * LOW HITPOINT WARNING * * *
It was a potion of might.
You feel very mighty all of a sudden. The gnoll hits you but does no damage.
Zapping:
D - a wand of fireball (will waste charges)
Press: ? - help, Shift-Dir - straight line, f - gnoll, p - gnoll shaman
Aim: a gnoll, wielding a spear That beam is likely to hit you.
Continue anyway?
Okay, then.
The gnoll throws a tomahawk.
The tomahawk hits you.
You die...

#..## ##((.##
#..## ##(..###
##..# ##(...##
#..# ##g...##
#..# #.....#
#..# ##gg.##
##..# ##gg.#
##..## #.g.##
###..## ##@.##
....## #...#
##### ##..##
...## ##..##
....# ##..##
....# ##..##
....## ##..##
..##.#####..##
####...##..##


You could see a gnoll shaman and 4 gnolls.

Vanquished Creatures
  A giant frog (D:3)
  An orc priest (D:3)
  2 orc wizards (D:4)
  An iguana (D:4)
  Robin (D:4)
  4 gnolls (D:4)
  4 adders
  An ooze (D:2)
  11 orcs
  A bat skeleton (D:4)
  3 giant cockroaches
  11 goblins
  12 hobgoblins
  4 jackals (D:1)
  5 kobolds
  9 bats
  2 giant newts (D:3)
  A quokka (D:4)
  27 rats
101 creatures vanquished.

Notes
Turn   | Place    | Note
--------------------------------------------------------------
     0 | D:1      | mrath the Hill Orc Wanderer began the quest for the Orb.
     0 | D:1      | mrath set off with: a +2 dagger, a potion of berserk rage, a scroll of teleportation, a +0 spear, a +0 robe, a bread ration
     0 | D:1      | Reached XP level 1. HP: 26/26 MP: 1/1
   117 | D:1      | Found a shattered altar of Ashenzari.
   215 | D:1      | Reached XP level 2. HP: 22/34 MP: 2/2
  1076 | D:1      | Reached XP level 3. HP: 40/40 MP: 3/3
  1514 | D:2      | Reached skill level 1 in Throwing
  1980 | D:2      | Reached skill level 1 in Dodging
  1985 | D:2      | Found an opulent altar of Gozag.
  2411 | D:3      | Noticed a giant frog
  2424 | D:3      | Killed a giant frog
  2424 | D:3      | Reached skill level 1 in Slings
  2424 | D:3      | Reached XP level 4. HP: 32/48 MP: 4/4
  2536 | D:3      | Reached XP level 5. HP: 50/53 MP: 5/5
  3009 | D:3      | Noticed Sigmund
  3107 | D:3      | Gained mutation: You can spit weak poison. [potion of beneficial mutation]
  3453 | D:4      | Noticed Robin
  3648 | D:4      | Reached XP level 6. HP: 61/61 MP: 6/6
  3774 | D:4      | Killed Robin
  3792 | D:4      | Reached skill level 8 in Fighting
  4487 | D:4      | Noticed Duvessa
  4623 | D:4      | HP: 3/61 [gnoll/spear (4)]
  4626 | D:4      | Hit by a tomahawk thrown by a gnoll

Vault maps used:
D:1:      scummos_arrival_forest, hex_tiny, solitary_fountain,
          wad_floor_pattern_1, nicolae_ashenzari_panopticon
D:2:      nicolae_gozag_cash_rules_everything_around_me
D:3:      uniq_sigmund
D:4:      first_bread, minmay_rat_hole, uniq_duvessa, uniq_menkaure, uniq_robin

Action                   |  1- 3 |  4- 6 || total
-------------------------+-------+-------++-------
Melee: Dagger            |    82 |    52 ||   134
       Short sword       |    14 |       ||    14
       Spear             |    13 |       ||    13
       Falchion          |     4 |    58 ||    62
 Fire: Hunting sling     |    18 |   135 ||   153
Throw: Stone             |    58 |    12 ||    70
  Use: Scroll            |     7 |     4 ||    11
       Potion            |     1 |     5 ||     6
  Eat: Chunk             |     3 |     4 ||     7
       Meat ration       |     1 |       ||     1
